 Dungeon Crawl Stone Soup version 0.28.0-53-g5a82cb258f (webtiles) character file.

Game seed: 2735701295371362959

212 Hylith the Caller (level 5, -1/35 (38) HPs)
             Began as a Demonspawn Summoner on June 8, 2022.
             Slain by a wight
             ... wielding a +0 halberd
              (16 damage)
             ... on level 4 of the Dungeon.
             The game lasted 00:12:09 (4706 turns).

Hylith the Caller (Demonspawn Summoner)             Turns: 4706, Time: 00:12:10

HP:   -1/35 (38)    AC:  2    Str:  8    XL:     5   Next: 58%
MP:   9/9           EV: 12    Int: 18    God:
Gold: 183           SH:  0    Dex: 14    Spells: 6/10 levels left

rFire   . . .      SeeInvis .   s - +0 short sword (protect)
rCold   . . .      Faith    .   (no shield)
rNeg    . . .      Spirit   .   a - +0 robe
rPois   +          Reflect  .   (helmet restricted)
rElec   .          Harm     .   (no cloak)
rCorr   +          Rampage  .   (no gloves)
Will    .....                   (no boots)
Stlth   ++........              (no amulet)
HPRegen 0.11/turn               n - ring of poison resistance
MPRegen 0.11/turn               q - ring of resist corrosion

@: drained
A: horns 1, powered by pain 2, demonic touch 1
a: no special abilities


You were on level 4 of the Dungeon.
You visited 1 branch of the dungeon, and saw 4 of its levels.

You collected 183 gold pieces.

Inventory:

Hand Weapons
 s - a +0 short sword of protection (weapon)
Missiles
 e - 185 stones
Armour
 a - a +0 robe (worn)
 u - a +0 ring mail
Jewellery
 n - a ring of poison resistance (left hand)
 q - a ring of resist corrosion (right hand)
 r - a ring of flight
Scrolls
 b - 2 scrolls of identify {unknown}
 f - a scroll of immolation {unknown}
 g - 3 scrolls of teleportation {unknown}
 h - a scroll of holy word {unknown}
 j - a scroll of noise {unknown}
 k - a scroll of enchant armour {unknown}
 p - a scroll of fear {unknown}
 t - a scroll of fog {unknown}
Potions
 c - 2 potions of attraction {unknown}
 d - a potion of might {unknown}
 i - a potion of degeneration {unknown}
 l - a potion of resistance {unknown}
 m - a potion of ambrosia {unknown}
 o - a potion of flight {unknown}


   Skills:
 - Level 2.0 Fighting
 - Level 2.0 Dodging
 - Level 2.0 Stealth
 - Level 3.0 Spellcasting
 + Level 5.8 Summonings


You had 6 spell levels left.
You knew the following spells:

 Your Spells              Type           Power      Damage    Failure   Level
a - Summon Small Mammal   Summ           92%        N/A       1%          1
b - Call Canine Familiar  Summ           23%        N/A       4%          3

Your spell library contained the following spells:

 Spells                   Type           Power      Damage    Failure   Level
 Call Imp                 Summ           23%        N/A       2%          2
 Summon Guardian Golem    Hex/Summ       13%        N/A       14%         3
 Confusing Touch          Hex            2%         N/A       43%         3
 Tukima's Dance           Hex            2%         N/A       43%         3
 Summon Lightning Spire   Summ/Air       13%        N/A       43%         4
 Passage of Golubria      Tloc           2%         N/A       85%         4
 Yara's Violent Unravell  Hex/Tmut       1%         3d3       99%         5
 Enfeeble                 Hex            1%         N/A       100%        7


Dungeon Overview and Level Annotations

Branches:
Dungeon (4/15)
 Temple: D:4-7

Altars:


Innate Abilities, Weirdness & Mutations

You have a pair of small horns on your head.
You sometimes gain power by taking damage.
Your touch may inflict minor irresistible damage on your foes.


Message History

There is a stone staircase leading down here.
There is an open door here.
There is a stone staircase leading up here.
Casting: Call Canine Familiar (dangerous; 4% risk of failure)
Confirm with . or Enter, or press ? or * to list all spells.
Casting: Call Canine Familiar (dangerous; 4% risk of failure)
Confirm with . or Enter, or press ? or * to list all spells.
Casting: Summon Small Mammal (safe; 1% risk of failure)
Confirm with . or Enter, or press ? or * to list all spells.
Your hound bites the wight but does no damage.
Your bat barely misses the wight.
The wight hits you from afar with a +0 halberd.
Your hound closely misses the wight.
What are your orders? t - Shout!
Orders for allies: a - Attack new target. p - Attack previous target. r - Retreat! s - Stop attacking. g - Guard the area. f - Follow me.
Anything else - Cancel.
Gang up on whom?
Press: ? - help, Dir - move target, f/p - wight
Aim: a wight, wielding a +0 spear and wearing a +0 robe (severely damaged) Attack!
Your bat closely misses the wight.
Your bat barely misses the wight.
Your hound bites the wight but does no damage.
The wight hits your hound with a +0 spear!
The wight closely misses you.
Your bat hits the wight but does no damage.
Your bat barely misses the wight.
Your hound bites the wight.
Your bat hits the wight but does no damage.
The wight hits your hound with a +0 spear.
Your hound dies!
Your hound's corpse disappears in a puff of smoke!
The wight hits you from afar with a +0 halberd!
You focus on the pain.
You feel your power returning.
You feel drained.
Your bat hits the wight but does no damage. x2
The wight hits your bat with a +0 spear.
Your bat dies!
Your bat's corpse disappears in a puff of smoke!
The wight hits you from afar with a +0 halberd!
You die...

#..###.....## #.>#####....#
########..#...#....#
#......z..#...'....#
+....z##..#####...>#####
#..z..##..#...z#'##.....
###'#####..#..z§#........
#.......#..#...r#....#...
#......###+#@...#'##+#..
##(....##..#....)........
#.....##..#.............
##.....z...#.............
.............#.............
..##.....##..#.............
+ #.....##..#.............
#.....##..####.....#####
+.....+......#.....#


You could see 2 wights and a friendly quokka (summoned).

Vanquished Creatures
  A centaur skeleton (D:4)
  An orc wizard (D:3)
  An adder (D:2)
  A worm (D:3)
  An orc (D:3)
  5 endoplasms
  2 giant cockroaches (D:1)
  3 goblins
  2 hobgoblins (D:2)
  A quokka (D:1)
  2 ball pythons (D:1)
  3 bats
  2 kobolds
  6 rats
31 creatures vanquished.

Vanquished Creatures (collateral kills)
  An orc priest (D:3)
  An iguana (D:4)
  2 adders (D:3)
  3 dart slugs
  An orc (D:3)
  2 ball pythons
  4 endoplasms (D:1)
  2 giant cockroaches
  3 hobgoblins
  4 jackals (D:1)
  3 kobolds
  A quokka (D:2)
  3 bats
  A frilled lizard (D:1)
  3 goblins
  2 rats
36 creatures vanquished.

Grand Total: 67 creatures vanquished

Notes
Turn   | Place    | Note
-------+----------+-------------------------------------------
     0 | D:1      | Hylith the Demonspawn Summoner began the quest for the Orb.
     0 | D:1      | Reached XP level 1. HP: 13/13 MP: 3/3
   475 | D:1      | Gained mutation: You sometimes gain a little power by
                  | taking damage. [demonic ancestry]
   475 | D:1      | Reached XP level 2. HP: 8/19 MP: 3/5
  1255 | D:1      | Discovered your monstrous ancestry.
  1255 | D:1      | Gained mutation: You have a pair of small horns on your
                  | head. [demonic ancestry]
  1255 | D:1      | Reached XP level 3. HP: 24/24 MP: 3/6
  1524 | D:1      | Found a faded altar of an unknown god.
  2230 | D:2      | Reached skill level 5 in Summonings
  2667 | D:2      | Learned a level 3 spell: Call Canine Familiar
  3411 | D:3      | Gained mutation: Your touch may inflict minor irresistible
                  | damage on your foes. [demonic ancestry]
  3411 | D:3      | Reached XP level 4. HP: 30/30 MP: 4/8
  3500 | D:3      | Reached skill level 1 in Fighting
  4016 | D:3      | Gained mutation: You sometimes gain power by taking damage.
                  | [demonic ancestry]
  4016 | D:3      | Reached XP level 5. HP: 26/38 MP: 6/9
  4706 | D:4      | Slain by a wight

Illustrated notes

Levels and vault maps discovered:
D:1:      erik_arrival_cave_to_civilisation [erik_arrival_cave_to_hall],
          layout_basic, dilly_ecumenical_altar_fadedgnrine,
          chequers_decorated_corner, serial_bayou_ford_a, minmay_pentomino_r2
D:2:      layout_basic
D:3:      layout_rooms, corexii_leaking_fountain, minmay_misc_feat_five,
          chequers_serial_rivers_marsh, minmay_between
D:4:      layout_gridville, nzn_wu_jian_council_hall,
          minmay_fractal_squares_gapless_5

Skill      XL: |  1  2  3  4 |
---------------+-------------+-----
Dodging        | 2 |  2.0
Stealth        | 2 |  2.0
Summonings     | 5 |  5.8
Spellcasting   | 3 |  3.0
Fighting       | 2 |  2.0

Action                   |  1- 3 |  4- 6 || total
-------------------------+-------+-------++-------
Melee: Unarmed           |    37 |       ||    37
       Dagger            |    76 |       ||    76
       Club              |     4 |       ||     4
       Headbutt          |     7 |     8 ||    15
       Short sword       |     2 |    36 ||    38
       Touch             |       |     8 ||     8
 Cast: Summon Small Mamm |    69 |    33 ||   102
       Call Canine Famil |       |     6 ||     6
 Stab: Distracted        |     2 |     1 ||     3
       Sleeping          |     1 |     2 ||     3
Armor: Robe              |    32 |    14 ||    46
Dodge: Dodged            |   105 |    19 ||   124
